 Dungeon Crawl Stone Soup version v1.3-6-gcec1249 (webtiles) character file.

3176 Faust the Destroyer (level 9, -10/52 HPs)
             Began as a Fairy Conjurer on Oct 5, 2018.
             Was a Priest of Sif Muna.
             Killed by the air
             ... invoked by Gastronok
              (24 damage)
             ... on level 8 of the Dungeon on Oct 6, 2018.
             The game lasted 01:41:29 (6691 turns).

Faust the Destroyer (Fairy Conjurer)                Turns: 6691, Time: 01:41:31

Health: -10/52     AC:  8    Str:  6    XL:     9   Next: 95%
Magic:  13/25      EV: 17    Int: 23    God:    Sif Muna [***...]
Gold:   430        SH:  6    Dex: 15    Spells: 4/29 levels left

rFire    . . .     SeeInvis .   q - +3 dagger (flame)
rCold    . . .     Gourm    .   (shield restricted)
rNeg     . . .     Faith    .   (armour unavailable)
rPois    .         Spirit   .   (no helmet)
rElec    .         Reflect  .   (no cloak)
rCorr    .         Harm     .   (no gloves)
MR       .....                  v - +1 pair of boots
Stlth    +.........             d - amulet of magic regeneration
HPRegen  0.17/turn              i - ring of wizardry
MPRegen  0.44/turn              A - +3 ring of dexterity

@: slowed, very slow
A: small, magic attunement, unstealthy, unfitting armour, sense surroundings 1,
MP-powered wands, able to fly, AC/SH +6
a: Fly, Divine Energy, Channel Magic, Renounce Religion


You were on level 8 of the Dungeon.
You worshipped Sif Muna.
Sif Muna was most pleased with you.
You were not hungry.

You visited 2 branches of the dungeon, and saw 9 of its levels.

You collected 430 gold pieces.

Inventory:

Hand Weapons
 q - a +3 dagger of flaming (weapon)
Missiles
 e - 881 arrows
Armour
 v - a +1 pair of boots (worn)
Jewellery
 d - an amulet of magic regeneration (around neck)
 g - an uncursed amulet of regeneration
 i - a ring of wizardry (left hand)
 p - an uncursed ring of protection from fire
 u - an uncursed amulet of rage
 A - a +3 ring of dexterity (right hand)
Wands
 m - a wand of disintegration (8)
Scrolls
 a - 5 scrolls of remove curse
 j - 3 scrolls of amnesia
 o - 2 scrolls of identify
 s - a scroll of fog
 t - 2 scrolls of teleportation
Potions
 c - a potion of magic
 h - a potion of agility
 r - 3 potions of brilliance
 z - 2 potions of curing
 B - a potion of resistance
Comestibles
 b - 16 rations


   Skills:
 + Level 0.3 Fighting
 + Level 4.8 Dodging
 + Level 2.8 Stealth
 + Level 10.6 Spellcasting
 + Level 10.6 Conjurations
 + Level 2.4 Hexes
 + Level 3.0 Summonings
 + Level 1.6 Necromancy
 + Level 1.1 Fire Magic
 + Level 0.9 Evocations


You had 4 spell levels left.
You knew the following spells:

 Your Spells              Type           Power        Failure   Level  Hunger
a - Magic Dart            Conj           ####         1%          1    None
b - Searing Ray           Conj           ######       1%          2    None
c - Iskenderun's Mystic   Conj           ######..     1%          4    None
d - Fulminant Prism       Conj/Hex       #####.....   1%          4    None
e - Force Lance           Conj/Tloc      #####...     2%          4    None
f - Summon Small Mammal   Summ           ####         1%          1    None
g - Animate Skeleton      Necr           N/A          1%          1    None
h - Conjure Flame         Conj/Fire      #####...     1%          3    None
i - Fireball              Conj/Fire      #####.....   5%          5    None

Your spell library contained the following spells:

 Spells                   Type           Power        Failure   Level  Hunger
 Apportation              Tloc           ##....       2%          1    None
 Throw Flame              Conj/Fire      #####.       1%          2    None
 Sticky Flame             Conj/Fire      #####...     1%          4    None
 Confusing Touch          Hex            ###...       1%          1    None
 Flame Tongue             Conj/Fire      #####        1%          1    None
 Inner Flame              Hex/Fire       ###.....     3%          3    None
 Dazzling Spray           Conj/Hex       #####.       1%          3    None


Dungeon Overview and Level Annotations

Branches:
Dungeon (8/12)             Temple (1/1) D:5             Orc (0/2) D:8
   Lair: D:7-10

Altars:
Ashenzari
Cheibriados
Dithmenos
Elyvilon
Fedhas
Gozag
Hepliaklqana
Jiyva
Kikubaaqudgha
Lugonu
Makhleb
Nemelex Xobeh
Okawaru
Qazlal
Ru
Sif Muna
Trog
Uskayaw
Vehumet
Wu Jian
Xom
Yredelemnul
Zin
The Shining One

Shops:
D:4 [   D:8 (

Annotations:
D:8 Gastronok


Innate Abilities, Weirdness & Mutations

Your spells do not cause hunger and MP costs are reduced by 1.
Your bright wings attract enemies. (Stealth-)
You cannot fit into any form of body armour.
Your shimmering scales are hard and can block incoming attacks. (AC +6, SH +6)
You are small and have problems with some larger weapons.
You can fly continuously.
You passively map a small area around you.
You expend magic power (3 MP) to strengthen your wands.


Message History

Aim: Gastronok, wearing a glowing hat (heavily wounded, chance to defeat MR: 26%) Gastronok easily resists.
You feel a surge of power!
Your quokka bites Gastronok. x3
Your quokka bites Gastronok but does no damage.
Aiming: Disintegrate
Press: ? - help, Shift-Dir - straight line, f/p - Gastronok
Aim: Gastronok, wearing a glowing hat (heavily wounded, chance to defeat MR: 26%) Gastronok is blasted.
You feel a surge of power!
Your quokka bites Gastronok.
Your quokka bites Gastronok but does no damage.
Your quokka bites Gastronok.
Aiming: Disintegrate
Press: ? - help, Shift-Dir - straight line, f/p - Gastronok
Aim: Gastronok, wearing a glowing hat (severely wounded, chance to defeat MR: 26%) Gastronok easily resists.
You feel a surge of power!
Your quokka bites Gastronok. x2
Your quokka bites Gastronok but does no damage.
Gastronok gurgles, "I'll eat you, I will!"
Gastronok waves his eye-stalks in wide circles.
The air twists around and strikes you!
You die...

**.#.#....#####....####.###
, ...'....'...)..).'..w....
..#....#####....####.### *
*#.r..# ###### #+#* ,*
#.rw.# , , *, * #.r..# , ,
* #....# , , , #....######
, #....@....# * #(........#
* ####......###### ,
#...........# ,
....####.......# .....
#.......# , ..... #.......#
..... #.......# ####
#.......#


You could see Gastronok and 3 friendly quokkas.

Vanquished Creatures
  Pikel (D:5)
  A centaur zombie (D:8)
  Prince Ribbit (D:5)
  A water moccasin (D:6)
  2 orc warriors (D:8)
  An ice beast (D:6)
  A phantom (D:4)
  2 ogres
  A black bear (D:7)
  2 centaurs (D:6)
  A crocodile (D:7)
  A big kobold (D:7)
  2 bullfrogs (D:6)
  2 scorpions
  4 howler monkeys (D:7)
  2 crimson imps (D:6)
  A gnoll shaman (D:6)
  5 orc priests
  2 hounds
  Ijyb (D:5)
  3 orc wizards
  6 worker ants
  9 gnolls
  7 adders
  An ooze (D:6)
  2 adder skeletons
  3 worms
  5 dart slugs
  5 leopard geckos
  28 orcs
  A ball python (D:3)
  5 giant cockroaches
  11 goblins
  7 hobgoblins
  9 jackals
  15 kobolds
  5 quokkas
  5 bats
  5 frilled lizards
  A leopard gecko skeleton (D:5)
  2 leopard gecko zombies (D:7)
  A quokka skeleton (D:4)
  A quokka zombie (D:7)
  4 rats
175 creatures vanquished.

Vanquished Creatures (collateral kills)
  A water moccasin skeleton (D:5)
  A bullfrog zombie (D:5)
  2 shadow imps (D:8)
  2 jackals (D:6)
6 creatures vanquished.

Vanquished Creatures (others)
  12 fulminant prisms
12 creatures vanquished.

Grand Total: 193 creatures vanquished

Notes
Turn   | Place    | Note
-------+----------+-------------------------------------------
     0 | D:1      | Faust the Fairy Conjurer began the quest for the Orb.
     0 | D:1      | Reached XP level 1. HP: 11/11 MP: 6/6
    82 | D:1      | Reached skill level 5 in Conjurations
   141 | D:1      | Reached XP level 2. HP: 17/17 MP: 7/7
   145 | D:1      | Learned a level 2 spell: Searing Ray
   282 | D:1      | Reached XP level 3. HP: 21/21 MP: 9/9
   994 | D:2      | Reached XP level 4. HP: 27/27 MP: 11/11
  1009 | D:2      | Learned a level 4 spell: Iskenderun's Mystic Blast
  1939 | D:3      | Gained mutation: You passively map a small area around you. [potion of mutation]
  1939 | D:3      | Gained mutation: You expend magic power (3 MP) to strengthen your wands. [potion of mutation]
  2388 | D:4      | Reached XP level 5. HP: 31/31 MP: 3/13
  2394 | D:4      | Learned a level 4 spell: Fulminant Prism
  2447 | D:4      | Found a deep blue altar of Sif Muna.
  2457 | D:4      | Became a worshipper of Sif Muna the Loreminder
  2613 | D:4      | Noticed an ogre
  2615 | D:4      | Reached XP level 6. HP: 36/36 MP: 11/15
  2619 | D:4      | Reached skill level 5 in Spellcasting
  2631 | D:4      | Noticed a phantom
  2637 | D:4      | Killed a phantom
  2881 | D:4      | Found a glowing golden altar of the Shining One.
  3005 | D:4      | Found Zidemouch's Armour Shoppe.
  3028 | D:5      | Entered Level 5 of the Dungeon
  3045 | D:5      | Reached XP level 7. HP: 41/41 MP: 13/17
  3066 | D:5      | Found a staircase to the Ecumenical Temple.
  3066 | D:5      | Noticed Pikel
  3078 | D:5      | Killed Pikel
  3078 | D:5      | Reached * piety under Sif Muna
  3078 | D:5      | Reached XP level 8. HP: 41/46 MP: 13/20
  3089 | Temple   | Entered the Ecumenical Temple
  3306 | D:5      | Noticed Ijyb
  3319 | D:5      | Killed Ijyb
  3348 | D:5      | Noticed Prince Ribbit
  3357 | D:5      | Killed Prince Ribbit
  3357 | D:5      | Reached skill level 1 in Hexes
  3387 | D:5      | Learned a level 4 spell: Force Lance
  3389 | D:5      | Learned a level 1 spell: Summon Small Mammal
  3391 | D:5      | Learned a level 1 spell: Animate Skeleton
  3415 | D:5      | Reached skill level 1 in Summonings
  3579 | D:5      | Found a shattered altar of Ashenzari.
  3719 | D:6      | Found a shadowy altar of Dithmenos.
  3728 | D:6      | Reached ** piety under Sif Muna
  4131 | D:6      | Reached XP level 9. HP: 44/52 MP: 20/23
  5057 | D:7      | Found a glowing silver altar of Zin.
  5147 | D:7      | Learned a level 5 spell: Fireball
  5151 | D:7      | Learned a level 3 spell: Conjure Flame
  5187 | D:7      | Reached skill level 10 in Conjurations
  5244 | D:7      | Found a corrupted altar of Lugonu.
  5280 | D:7      | Reached *** piety under Sif Muna
  5280 | D:7      | Reached skill level 1 in Necromancy
  5308 | D:7      | Found a sacrificial altar of Ru.
  5533 | D:7      | Found an ornate altar of the Wu Jian Council.
  5959 | D:8      | Found a staircase to the Orcish Mines.
  5974 | D:8      | Reached skill level 10 in Spellcasting
  5987 | D:8      | Found Sadyteish's Weapon Emporium.
  6011 | D:8      | Reached skill level 1 in Fire Magic
  6426 | D:8      | Noticed Gastronok
  6691 | D:8      | Killed from afar by Gastronok

Skill      XL: |  1  2  3  4  5  6  7  8  9 |
---------------+----------------------------+-----
Conjurations   | 5 6 7 8 9 10 | 10.6
Spellcasting   | 3 4 5 7 8 10 | 10.6
Dodging        | 3 4 |  4.8
Stealth        | 2 |  2.8
Hexes          | 2 |  2.4
Summonings     | 2 3 |  3.0
Necromancy     | 1 |  1.6
Fire Magic     | 1 |  1.1
Fighting       | |  0.3
Evocations     | |  0.9

Action                   |  1- 3 |  4- 6 |  7- 9 || total
-------------------------+-------+-------+-------++-------
Melee: Unarmed           |       |     9 |       ||     9
       Dagger            |       |       |     3 ||     3
 Cast: Magic Dart        |    37 |    59 |    55 ||   151
       Searing Ray       |     6 |    15 |    47 ||    68
       Iskenderun's Myst |       |    19 |    27 ||    46
       Fulminant Prism   |       |     4 |     8 ||    12
       Summon Small Mamm |       |       |    38 ||    38
       Animate Skeleton  |       |       |    11 ||    11
       Fireball          |       |       |    16 ||    16
       Conjure Flame     |       |       |     2 ||     2
 Abil: Stop Flying       |       |       |     1 ||     1
Evoke: Wand              |       |       |     4 ||     4
  Use: Scroll            |     2 |     3 |    12 ||    17
       Potion            |     1 |     4 |     6 ||    11
  Eat: Ration            |       |     2 |     3 ||     5
Armor: Skin              |     2 |     7 |     8 ||    17
Dodge: Dodged            |    11 |    23 |    61 ||    95
Block: Other             |     1 |     6 |    22 ||    29
